Map: Cactus Valley LE (Void)

Players

Zest - Winner!

  • Race: Protoss Protoss
  • Spawn Location: 7:00

TRUE

  • Race: Zerg Zerg
  • Spawn Location: 1:00

Event: IEM XI Katowice - World Championship 2017

VOD

Have the link to the VOD?

Description

Time

  • Played on: March 3, 2017, 10:34 a.m.
  • Length: 10:59

All games in this series

Show
View Real Time Build Order
Export as new Build Order

Zest Protoss - Winner!

Build Orders: 1 Gate Expand 

Get SALT Encoding   

  12  0:01  Probe (Chrono Boost)  
  13  0:11  Probe (Chrono Boost)  
  14  0:17  Pylon  
  14  0:22  Probe (Chrono Boost)  
  15  0:36  Probe (Chrono Boost)  
  15  0:38  Gateway  
  16  0:46  Probe (Chrono Boost)  
  16  0:47  Assimilator  
  18  0:57  Probe (Chrono Boost)  
  18  1:07  Probe (Chrono Boost)  
  19  1:21  Nexus  
  19  1:24  Probe (Chrono Boost)  
  20  1:33  Cybernetics Core  
  20  1:37  Probe (Chrono Boost)  
  21  1:42  Assimilator  
  21  1:48  Probe (Chrono Boost)  
  21  1:52  Pylon  
  22  1:58  Probe (Chrono Boost)  
  23  2:03  Warp Gate  
  23  2:07  Adept  
  23  2:11  Probe (Chrono Boost)  
  27  2:24  Probe (Chrono Boost)  
  27  2:25  Twilight Council  
  27  2:31  Adept  
  27  2:33  Probe (Chrono Boost)  
  27  2:36  Probe (Chrono Boost)  
  31  2:43  Probe (Chrono Boost)  
  32  2:48  Resonating Glaives, Probe (Chrono Boost)  
  33  2:54  Probe (Chrono Boost)  
  33  2:57  Adept  
  37  3:00  Probe (Chrono Boost)  
  37  3:07  Gateway  
  37  3:14  Gateway  
  37  3:17  Probe x2 (Chrono Boost)  
  39  3:24  Adept  
  41  3:29  Probe (Chrono Boost)  
  41  3:33  Probe (Chrono Boost)  
  43  3:36  Pylon  
  44  3:42  Probe (Chrono Boost)  
  44  3:45  Probe (Chrono Boost)  
  44  3:46  Pylon  
  45  3:51  Stargate  
  45  3:52  Stargate  
  45  3:54  Probe (Chrono Boost)  
  47  3:57  Probe (Chrono Boost)  
  47  4:04  Assimilator  
  47  4:05  Assimilator  
  47  4:08  Adept x3  
  53  4:11  Probe (Chrono Boost)  
  53  4:15  Probe (Chrono Boost)  
  55  4:19  Pylon  
  55  4:28  Probe (Chrono Boost)  
  55  4:30  Pylon  
  56  4:31  Probe (Chrono Boost)  
  57  4:39  Probe (Chrono Boost)  
  57  4:43  Phoenix x2  
  58  4:47  Probe (Chrono Boost)  
  65  4:54  Mothership Core (Chrono Boost)  
  65  5:05  Phoenix x2  
  65  5:07  Nexus  
  65  5:12  Pylon  
  69  5:22  Adept x3  
  69  5:27  Phoenix  
  69  5:28  Phoenix  
  77  5:29  Probe (Chrono Boost)  
  80  5:39  Pylon  
  80  5:43  Adept  
  80  5:44  Adept x2  
  86  5:53  Phoenix  
  86  5:55  Phoenix  
  90  6:06  Probe x2 (Chrono Boost)  
  92  6:13  Robotics Facility  
  92  6:14  Forge  
  92  6:16  Robotics Facility  
  92  6:17  Probe x2 (Chrono Boost)  
  94  6:24  Probe (Chrono Boost)  
  95  6:27  Probe (Chrono Boost)  
  97  6:33  Probe (Chrono Boost)  
  97  6:39  Probe x2 (Chrono Boost)  
  99  6:43  Probe (Chrono Boost)  
  100  6:49  Probe x2 (Chrono Boost)  
  100  6:51  Protoss Ground Weapons Level 1  
  102  6:55  Probe (Chrono Boost)  
  102  6:58  Immortal  
  102  7:00  Probe (Chrono Boost)  
  109  7:11  Gateway  
  109  7:12  Gateway, Probe (Chrono Boost)  
  109  7:14  Gateway  
  109  7:15  Pylon  
  109  7:18  Pylon  
  109  7:22  Assimilator  
  109  7:26  Assimilator  
  109  7:28  Immortal  
  109  7:33  Pylon, Probe (Chrono Boost), Immortal  
  109  7:34  Photon Cannon  
  109  7:35  Probe x2 (Chrono Boost)  
  120  7:45  Probe (Chrono Boost)  
  120  7:47  Probe (Chrono Boost)  
  120  7:49  Pylon  
  122  7:52  Gateway  
  122  7:54  Gateway  
  122  7:55  Sentry x3  
  122  7:58  Pylon  
  128  8:02  Immortal  
  128  8:07  Immortal  
  136  8:14  Pylon  
  134  8:23  Sentry x2  
  134  8:27  Sentry  
  133  8:28  Pylon  
  133  8:29  Pylon  
  128  8:35  Adept  
  128  8:36  Adept x2  
  130  8:47  Pylon  
  132  8:49  Mothership Core (Chrono Boost)  
  132  8:50  Pylon  
  132  8:56  Pylon  
  132  8:59  Immortal  
  132  9:00  Immortal  
  130  9:05  Sentry x2  
  141  9:10  Sentry x2  
  141  9:11  Sentry  
  147  9:25  Pylon  
  147  9:28  Sentry  
  147  9:29  Adept, Sentry  
  147  9:30  Adept  
  155  9:33  Immortal  
  144  9:47  Sentry x2  
  144  9:48  Zealot x2  
  133  9:55  Probe (Chrono Boost)  
  133  9:57  Probe x2 (Chrono Boost)  
  133  9:59  Warp Prism  
  130  10:07  Immortal  
  130  10:08  Assimilator  
  134  10:15  Adept  
  136  10:24  Adept x7  
  136  10:27  Gateway  
  150  10:28  Gateway  
  150  10:40  Nexus  
  150  10:41  Pylon  
  150  10:43  Pylon  
Show
View Real Time Build Order
Export as new Build Order

TRUE Zerg 

Build Orders: Hatch First, Zergling Baneling 

Get SALT Encoding   

  12  0:00  Drone  
  13  0:12  Overlord  
  13  0:16  Drone  
  14  0:30  Drone x2  
  14  0:34  Drone  
  17  0:52  Hatchery  
  17  0:55  Drone  
  17  1:08  Spawning Pool  
  17  1:10  Extractor  
  15  1:13  Drone  
  15  1:17  Drone  
  17  1:20  Drone  
  18  1:28  Drone  
  19  1:41  Overlord  
  19  1:55  Queen  
  19  1:57  Zergling x2  
  19  2:01  Drone  
  23  2:04  Queen, Drone  
  26  2:11  Metabolic Boost  
  26  2:15  Drone  
  27  2:19  Drone  
  28  2:36  Hatchery  
  27  2:38  Drone  
  27  2:39  Drone  
  29  2:45  Drone  
  29  2:46  Drone  
  29  2:50  Zergling x4  
  33  2:57  Overlord  
  33  3:00  Drone  
  33  3:02  Overlord  
  34  3:09  Drone x2  
  35  3:18  Drone x3  
  38  3:21  Drone x2  
  38  3:24  Extractor  
  38  3:26  Spore Crawler  
  38  3:31  Queen, Drone x2  
  44  3:35  Drone  
  44  3:38  Baneling Nest  
  44  3:43  Overlord  
  44  3:49  Drone x3  
  44  3:50  Drone  
  44  3:54  Zergling x4  
  50  3:56  Overlord  
  50  3:59  Zergling x2  
  51  4:05  Drone x3  
  54  4:10  Queen  
  56  4:18  Zergling x8  
  56  4:19  Zergling x6  
  56  4:20  Zergling x2  
  56  4:23  Baneling  
  56  4:24  Baneling x4  
  64  4:26  Baneling x4  
  64  4:31  Overlord  
  64  4:32  Zergling x4  
  64  4:34  Zergling x2  
  64  4:36  Zergling x2  
  63  4:48  Drone x7  
  63  4:50  Drone  
  63  4:52  Drone  
  72  5:00  Drone x2  
  72  5:01  Drone  
  72  5:02  Drone x2  
  72  5:03  Drone  
  78  5:11  Overlord  
  78  5:13  Lair  
  78  5:14  Extractor, Drone  
  77  5:15  Extractor, Drone  
  77  5:16  Queen x2  
  77  5:21  Overlord  
  82  5:27  Overlord, Extractor x2  
  80  5:29  Overlord  
  80  5:30  Extractor  
  80  5:34  Overlord  
  79  5:39  Drone x2  
  79  5:40  Drone  
  82  5:44  Overlord  
  82  5:45  Drone x2  
  82  5:48  Drone x4  
  86  5:54  Queen x2  
  90  5:59  Overlord  
  90  6:01  Zergling x2  
  90  6:02  Zergling x14  
  91  6:04  Zergling x2  
  91  6:05  Overlord  
  91  6:09  Zergling x4  
  94  6:11  Baneling x6  
  94  6:17  Hydralisk Den  
  92  6:28  Drone x3  
  92  6:33  Drone x2  
  92  6:38  Drone x2  
  92  6:39  Overlord x3  
  92  6:48  Muscular Augments  
  85  6:56  Hydralisk x7  
  85  6:57  Hydralisk x2  
  101  7:01  Hydralisk  
  101  7:04  Hydralisk  
  101  7:06  Hydralisk  
  106  7:11  Hydralisk  
  106  7:13  Hydralisk  
  106  7:15  Hydralisk  
  110  7:19  Hydralisk  
  110  7:22  Hydralisk  
  113  7:24  Hydralisk  
  113  7:28  Hydralisk  
  113  7:29  Hydralisk  
  116  7:34  Hydralisk  
  116  7:36  Hydralisk  
  122  7:39  Hydralisk  
  122  7:42  Hydralisk  
  123  7:45  Hydralisk  
  123  7:51  Hydralisk  
  127  8:02  Hydralisk  
  129  8:09  Baneling  
  129  8:10  Baneling x13  
  129  8:12  Baneling  
  121  8:26  Hydralisk x2  
  113  8:27  Hydralisk x2  
  113  8:28  Hydralisk  
  110  8:34  Zergling x2  
  110  8:39  Zergling x22  
  122  8:41  Zergling x2  
  122  8:43  Zergling x2  
  122  8:46  Zergling x4  
  126  8:49  Zergling x4  
  126  8:54  Zergling x2  
  129  8:56  Overlord  
  129  9:01  Zergling x4  
  129  9:05  Baneling x2  
  129  9:10  Zergling x2  
  129  9:14  Baneling x10  
  129  9:15  Baneling x6  
  129  9:16  Baneling  
  130  9:19  Baneling  
  130  9:20  Baneling x4  
  122  9:24  Baneling x6  
  122  9:25  Baneling  
  122  9:26  Baneling  
  122  9:27  Baneling  
  122  9:28  Baneling  
  122  9:30  Baneling x4  
  122  9:32  Zergling x2  
  122  9:37  Zergling x2  
  120  9:42  Zergling x2  
  113  9:47  Zergling x4  
  113  9:51  Zergling x2  
  113  9:52  Zergling x16  
  104  9:54  Zergling x2  
  86  10:02  Zergling x2  
  86  10:03  Zergling x2  
  86  10:04  Zergling x2  
  78  10:10  Zergling x4  
  80  10:21  Hydralisk x3  
  78  10:24  Hydralisk  
  78  10:25  Hydralisk  
  87  10:29  Baneling x5  
  87  10:30  Baneling x4  
  87  10:31  Hydralisk  
  87  10:35  Hydralisk  

Tags
 
Add a new tag
Caveats
  • Supply blocks, unpowered buildings, or Contaminate may cause inaccurate times.
  • Supply counts are checked every 10 seconds.